 Dungeon Crawl Stone Soup version 0.29-a0-284-gf9362112df (webtiles) character file.

Game seed: 14831616852942320016

7369 sokol815 the Spear-Bearer (level 11, -3/53 HPs)
             Began as a Vine Stalker Gladiator on Apr 1, 2022.
             Was an Initiate of Gozag.
             Slain by a tengu warrior
             ... wielding a +2 bardiche
             ... led by a tengu warrior
              (16 damage)
             ... on level 9 of the Dungeon.
             The game lasted 00:15:46 (7454 turns).

sokol815 the Spear-Bearer (Vine Stalker Gladiator)  Turns: 7454, Time: 00:15:46

Health: -3/53      AC: 13    Str: 24    XL:     11   Next: 14%
Magic:  0/12       EV: 15    Int: 12    God:    Gozag
Gold:   1202       SH:  5    Dex: 24    Spells: 10/10 levels left

rFire   + + .      SeeInvis .   a - +0 trident
rCold   + . .      Faith    .   (no shield)
rNeg    . . .      Spirit   +   k - +3 leather armour {rF+}
rPois   .          Reflect  +   c - +1 helmet
rElec   .          Harm     .   z - scarf {rC+ rF+}
rCorr   .          Rampage  .   v - +1 pair of gloves {Dex+3}
Will    +....                   x - +2 pair of boots
Stlth   ++........              C - amulet of reflection
HPRegen 0.97/turn               u - +6 ring of strength
MPRegen 0.13/turn               p - +6 ring of dexterity

@: gold aura, invisible
A: fangs 3, regeneration 1, magic shield, antimagic bite, no potion heal 2
a: Renounce Religion, Potion Petition, Call Merchant, Bribe Branch


You were on level 9 of the Dungeon.
You worshipped Gozag.
Gozag was most pleased with you.
You visited 1 branch of the dungeon, and saw 9 of its levels.

You collected 1361 gold pieces.
You spent 138 gold pieces at shops.
You paid 21 gold pieces to Gozag.

Inventory:

Hand Weapons
 a - a +0 trident (weapon)
 b - the +0 whip of Excruciating Pain {venom, *Slow Dex+5 Stlth+}
   (You found it on level 2 of the Dungeon)

   It poisons the flesh of those it strikes.
   Dex:       It affects your dexterity (+5).
   *Slow:     It may slow you when you take damage.
   Stlth:     It makes you more stealthy.
 m - a +0 hunting sling
   (You took it off a goblin on level 4 of the Dungeon)
 o - a +0 dagger of draining
   (You took it off an orc wizard on level 6 of the Dungeon)
 w - a +0 dagger of venom
   (You took it off a goblin on level 1 of the Dungeon)
 y - a +0 broad axe
   (You found it on level 6 of the Dungeon)
 I - a +0 battleaxe
   (You took it off an orc warrior on level 7 of the Dungeon)
 K - a +0 war axe
   (You took it off an orc on level 9 of the Dungeon)
Missiles
 e - 3 javelins
 l - 18 poisoned darts
 s - 221 stones
 E - 3 throwing nets {!d}
Armour
 c - a +1 helmet (worn)
 k - a +3 leather armour of fire resistance (worn)
   (You found it on level 1 of the Dungeon)
 n - a +0 chain mail
   (You found it on level 2 of the Dungeon)
 r - a +1 leather armour of cold resistance
   (You took it off Duvessa on level 5 of the Dungeon)
 v - a +1 pair of gloves of dexterity (worn)
   (You bought it in a shop on level 2 of the Dungeon)
 x - a +2 pair of boots (worn)
   (You found it on level 5 of the Dungeon)
 z - a scarf of resistance (worn)
   (You found it on level 7 of the Dungeon)
 H - the +0 scale mail of Syndicalism {+Inv Int-4 Dex+3}
   (You found it on level 8 of the Dungeon)

   Int:       It affects your intelligence (-4).
   Dex:       It affects your dexterity (+3).
   +Inv:      It lets you turn invisible.
Magical Staves
 t - a staff of death {rN+}
   (You found it on level 5 of the Dungeon)
Jewellery
 f - a ring of fire {rF+, rC-}
   (You found it on level 3 of the Dungeon)
 g - an amulet of the acrobat
   (You found it on level 1 of the Dungeon)
 p - a +6 ring of dexterity (right hand)
   (You found it on level 5 of the Dungeon)
 u - a +6 ring of strength (left hand)
   (You found it on level 4 of the Dungeon)
 C - an amulet of reflection (around neck)
   (You took it off an orc on level 7 of the Dungeon)
 F - a ring of protection from fire {rF+, !d}
   (You found it on level 6 of the Dungeon)
Wands
 d - a wand of digging (10)
   (You found it on level 7 of the Dungeon)
 j - a wand of polymorph (17)
   (You found it on level 6 of the Dungeon)
 q - a wand of flame (22)
   (You found it on level 6 of the Dungeon)
Scrolls
 h - a scroll of fog
 D - 2 scrolls of blinking {!r}
 V - 3 scrolls of vulnerability {!r!r}
 W - a scroll of holy word {!r}
Potions
 i - a potion of attraction {!q}
 B - a potion of brilliance
 J - 2 potions of curing {@q1}
 L - 3 potions of flight
 P - 2 potions of lignification {!q}
 U - a potion of mutation {!q}


   Skills:
 + Level 4.2 Fighting
 - Level 14.0 Polearms
 - Level 1.7 Throwing
 + Level 3.3 Armour
 + Level 4.3 Dodging


You had 10 spell levels left.
You didn't know any spells.
Your spell library contained the following spells:

 Spells                   Type           Power      Damage    Failure   Level
 Sting                    Tmut/Pois      0%         1d3       36%         1
 Poisonous Vapours        Pois/Air       0%         N/A       50%         2
 Portal Projectile        Hex/Tloc       0%         N/A       73%         3
 Olgreb's Toxic Radiance  Pois           0%         N/A       98%         4
 Blade Hands              Tmut           0%         N/A       100%        5
 Excruciating Wounds      Necr           0%         N/A       100%        5


Dungeon Overview and Level Annotations

Branches:
Dungeon (9/15)             Temple (0/1) D:6
   Lair: D:8-11         Orc: D:9-12

Altars:
Dithmenos
Elyvilon
Gozag
Hepliaklqana
Kikubaaqudgha
Makhleb
Ru
Sif Muna
Uskayaw
Wu Jian
Zin
Beogh

Shops:
D:1 :   D:2 [   D:3 (

Annotations:
D:4 Ijyb
D:8 2 transporters, HilariousDeathArtist's ghost, novice MiFi


Innate Abilities, Weirdness & Mutations

You have razor-sharp teeth.
Your natural rate of healing is unusually fast.
When hurt, damage is shared between your health and your magic reserves.
Your bite disrupts and absorbs the magic of your enemies.
Potions cannot restore your health.


Message History

You puncture the bullfrog! Your bite misses the bullfrog.
The bullfrog hits you.
You take 4 damage, and have 49/53 hp.
You now have 11/12 mp.
You hit the bullfrog but do no damage. You bite the bullfrog.
You drain its power.
You feel invigorated.
The bullfrog hits you but does no damage.
MP restored: 12 You puncture the bullfrog!
You kill the bullfrog!
Your Armour skill increases to level 3!
No target in view!
No target in view!
You now have 1202 gold pieces (gained 8).
A tengu warrior comes into view. It is wielding a +2 bardiche.
The tengu warrior shouts!
You hear a shout!
You hear an angry buzzing noise.
A killer bee comes into view. x2
The tengu warrior moves out of view.
A tengu warrior comes into view.
It is wielding a +0 great sword and wearing a +0 leather armour of fire resistance.
Health restored: 53 Unknown command.
The tengu warrior moves out of view.
You closely miss the tengu warrior. You bite the tengu warrior.
You drain its power. You closely miss the tengu warrior.
You bite the tengu warrior. You drain its power.
The tengu warrior hits you with a +0 great sword!!
The tengu warrior pecks you. You block the tengu warrior's attack.
You hear an angry buzzing noise.
You take 17 damage, and have 36/53 hp.
MASSIVE DAMAGE!!
You now have 9/12 mp.
You hit the tengu warrior but do no damage.
You hear an angry buzzing noise.
A killer bee comes into view.
You hear an angry buzzing noise.
You miss the tengu warrior. Your bite misses the tengu warrior.
You hear an angry buzzing noise.
The tengu warrior hits you with a +0 great sword.
The tengu warrior completely misses you.
The tengu warrior claws you but does no damage.
You take 3 damage, and have 33/53 hp.
You now have 7/12 mp.
You closely miss the tengu warrior. You bite the tengu warrior.
You drain its power.
You feel invigorated.
The tengu warrior hits you from afar with a +2 bardiche!
The tengu warrior hits you with a +0 great sword.
The tengu warrior closely misses you. The tengu warrior barely misses you.
You take 8 damage, and have 25/53 hp.
You regained 2 mp, and now have 9/12 mp.
You are too injured to fight recklessly!
It was a potion of magic.
Magic courses through your body.
A killer bee comes into view.
You block the tengu warrior's attack. The tengu warrior closely misses you.
The tengu warrior pecks you. The tengu warrior claws you.
You take 4 damage, and have 21/53 hp.
You regained 2 mp, and now have 11/12 mp.
It was a potion of invisibility.
You fade into invisibility!
The tengu warrior barely misses you. x2; The tengu warrior closely misses you.
The tengu warrior claws you but does no damage.
You puncture the tengu warrior! You bite the tengu warrior.
You drain its power.
You feel invigorated.
MP restored: 12 You impale the tengu warrior!!
You bite the tengu warrior. You drain its power.
The tengu warrior hits you from afar with a +2 bardiche!
The tengu warrior barely misses you. The tengu warrior misses you.
The tengu warrior claws you but does no damage.
You take 5 damage, and have 18/53 hp.
You now have 9/12 mp.
You puncture the tengu warrior! Your bite misses the tengu warrior.
You closely miss the tengu warrior. The tengu warrior misses you. x2
The tengu warrior claws you but does no damage.
You miss the tengu warrior. Your bite misses the tengu warrior.
You block the tengu warrior's attack. The tengu warrior closely misses you.
The tengu warrior misses you.
You catch the helpless tengu warrior completely off-guard!
You puncture the tengu warrior!
You kill the tengu warrior!
Your Fighting skill increases to level 4!
You strike the helpless tengu warrior from behind!
You hit the tengu warrior. You hit the tengu warrior.
Your bite misses the tengu warrior.
The tengu warrior hits you with a +2 bardiche!
* * * LOW HITPOINT WARNING * * *
The tengu warrior closely misses you. The tengu warrior claws you.
You take 10 damage, and have 11/53 hp.
You now have 4/12 mp.
You hit the tengu warrior. The tengu warrior closely misses you.
The tengu warrior pecks you but does no damage.
The tengu warrior claws you but does no damage.
You hit the tengu warrior.
You bite the tengu warrior, but do no damage.
You completely miss the tengu warrior.
You punch the tengu warrior, but do no damage.
The tengu warrior misses you. The tengu warrior pecks you.
* * * LOW HITPOINT WARNING * * *
The tengu warrior barely misses you.
You puncture the tengu warrior! You hit the tengu warrior.
You bite the tengu warrior! You drain its power.
You feel invigorated.
The tengu warrior hits you with a +2 bardiche!!
You die...
Your body crumbles into a pile of gold.

## ## # #. .##Q###
#.##.#....y.y
#....y....# #y# #Q#
#@# #.# #.### #...#
###...### ##+##
#.......# ##...##
#.......# ##.....##
#.......# ##.......#
###....####.........


You could see a tengu warrior (can't see you) and 2 killer bees.

Vanquished Creatures
  A two-headed ogre (D:8)
  A tengu warrior (D:9)
  4 centaur zombies (D:7)
  Joseph (D:9)
  2 centaur skeletons (D:7)
  A kobold demonologist (D:6)
  A hellwing (D:7)
  A meliai zombie (D:7)
  Sigmund (D:6)
  A wyvern (D:7)
  A steam dragon (D:7)
  Menkaure (D:4)
  Edmund (D:6)
  Duvessa (D:5)
  A water moccasin (D:6)
  An ice beast (D:7)
  2 sky beasts (D:7)
  5 orc warriors
  2 ogres
  A kobold brigand (D:8)
  Blork the orc (D:4)
  3 bullfrogs
  5 scorpions
  A necrophage (D:6)
  Dowan (D:5)
  3 howler monkeys
  A jelly (D:4)
  5 orc priests
  3 hounds
  A gnoll shaman (D:7)
  2 iguanas
  5 orc wizards
  3 gnolls (D:7)
  7 adders
  7 shadow imps
  An ufetubus (D:6)
  3 worms
  A dart slug (D:1)
  37 orcs
  7 ball pythons
  3 bat zombies (D:8)
  7 endoplasms
  4 giant cockroaches
  8 goblins
  5 hobgoblins
  7 jackals
  8 kobolds
  4 quokkas
  3 bats
  6 frilled lizards
  5 rats
  A rat zombie (D:8)
188 creatures vanquished.

Vanquished Creatures (others)
  An orc wizard (D:6)
  5 withered plants (D:7)
6 creatures vanquished.

Grand Total: 194 creatures vanquished

Notes
Turn   | Place    | Note
-------+----------+-------------------------------------------
     0 | D:1      | sokol815 the Vine Stalker Gladiator began the quest for the
                  | Orb.
     0 | D:1      | Reached XP level 1. HP: 11/11 MP: 2/2
    91 | D:1      | Reached skill level 3 in Polearms
   159 | D:1      | Reached XP level 2. HP: 12/15 MP: 1/3
   237 | D:1      | HP: 2/15 [frozen (3)]
   708 | D:1      | Found Lotouba's Book Boutique.
   798 | D:1      | Reached XP level 3. HP: 17/18 MP: 4/4
  1194 | D:2      | Identified the +0 whip of Excruciating Pain {venom, *Slow
                  | Dex+5 Stlth+}
  1233 | D:2      | Reached skill level 4 in Polearms
  1432 | D:2      | Found Touptiq's Armour Shop.
  1798 | D:3      | Gained mutation: Your natural rate of healing is unusually
                  | fast. [Vine Stalker growth]
  1798 | D:3      | Reached XP level 4. HP: 23/23 MP: 5/5
  1876 | D:3      | Found Tofruegh's Weapon Shoppe.
  1933 | D:3      | Found a sacrificial altar of Ru.
  2032 | D:3      | Found a glowing silver altar of Zin.
  2033 | D:3      | Found an opulent altar of Gozag.
  2037 | D:3      | Became a worshipper of Gozag Ym Sagoz the Greedy
  2617 | D:4      | Noticed a scorpion
  2627 | D:4      | Killed a scorpion
  2628 | D:4      | Reached skill level 5 in Polearms
  2628 | D:4      | Reached XP level 5. HP: 15/26 MP: 3/6
  2781 | D:2      | Bought a +0 pair of gloves of dexterity for 138 gold pieces
  2922 | D:4      | Found a burning altar of Makhleb.
  2954 | D:4      | Noticed Menkaure
  2957 | D:4      | Killed Menkaure
  2958 | D:4      | Reached skill level 6 in Polearms
  2958 | D:4      | Reached XP level 6. HP: 22/30 MP: 4/7
  3020 | D:4      | Found a hazy altar of Hepliaklqana.
  3148 | D:4      | Noticed Ijyb
  3162 | D:4      | Found a white marble altar of Elyvilon.
  3364 | D:4      | Noticed Blork the orc
  3375 | D:4      | Killed Blork the orc
  3385 | D:4      | Reached skill level 7 in Polearms
  3385 | D:4      | Reached XP level 7. HP: 17/34 MP: 6/8
  3781 | D:5      | Entered Level 5 of the Dungeon
  3836 | D:5      | Noticed Duvessa
  4355 | D:5      | Reached skill level 8 in Polearms
  4665 | D:5      | Identified the -4 barding of Vatian {Will+}
  4790 | D:5      | Noticed Dowan
  4806 | D:5      | Killed Duvessa
  4807 | D:5      | Gained mutation: You have razor-sharp teeth. [Vine Stalker
                  | growth]
  4807 | D:5      | Reached XP level 8. HP: 34/38 MP: 7/9
  4807 | D:5      | Killed Dowan
  4935 | D:6      | Noticed Edmund
  4936 | D:6      | Found a staircase to the Ecumenical Temple.
  4947 | D:6      | Killed Edmund
  4948 | D:6      | Reached skill level 9 in Polearms
  5171 | D:6      | Reached skill level 10 in Polearms
  5383 | D:6      | Noticed Sigmund
  5404 | D:6      | Killed Sigmund
  5405 | D:6      | Reached XP level 9. HP: 42/42 MP: 10/10
  5460 | D:6      | Noticed a kobold demonologist
  5466 | D:6      | Killed a kobold demonologist
  5467 | D:6      | Reached skill level 11 in Polearms
  5775 | D:7      | Noticed a hellwing
  5791 | D:7      | Noticed a hellwing
  5864 | D:7      | Found a shadowy altar of Dithmenos.
  5909 | D:7      | Reached skill level 12 in Polearms
  5958 | D:7      | Reached skill level 13 in Polearms
  5958 | D:7      | Reached XP level 10. HP: 46/46 MP: 11/11
  6146 | D:7      | Reached skill level 14 in Polearms
  6284 | D:7      | Reached skill level 2 in Fighting
  6426 | D:8      | Noticed a two-headed ogre
  6481 | D:8      | Reached skill level 1 in Armour
  6570 | D:7      | Reached skill level 3 in Dodging
  6676 | D:8      | Killed a two-headed ogre
  6677 | D:8      | Reached skill level 3 in Fighting
  6677 | D:8      | Reached skill level 2 in Armour
  6802 | D:8      | Found a shimmering blue altar of Sif Muna.
  6810 | D:8      | Found a transporter.
  6815 | D:8      | Noticed HilariousDeathArtist's ghost (novice MiFi)
  6816 | D:8      | Found a transporter.
  6883 | D:8      | Found a hide-covered altar of Uskayaw.
  6927 | D:8      | Found an ancient bone altar of Kikubaaqudgha.
  7052 | D:8      | Found an ornate altar of the Wu Jian Council.
  7062 | D:8      | Identified the +3 ring mail "Posaoh" {Str+4}
  7089 | D:8      | Identified the +0 scale mail of Syndicalism {+Inv Int-4
                  | Dex+3}
  7362 | D:9      | Noticed Joseph
  7376 | D:9      | Killed Joseph
  7377 | D:9      | Reached skill level 4 in Dodging
  7377 | D:9      | Reached XP level 11. HP: 38/53 MP: 12/12
  7417 | D:9      | Reached skill level 3 in Armour
  7429 | D:9      | Noticed a tengu warrior
  7430 | D:9      | Noticed a tengu warrior
  7447 | D:9      | Killed a tengu warrior
  7448 | D:9      | Reached skill level 4 in Fighting
  7449 | D:9      | HP: 11/53 [tengu warrior/+2 bardiche[a tengu warrior] (10)]
  7454 | D:9      | Slain by a tengu warrior

Illustrated notes

Levels and vault maps discovered:
D:1:      lemuel_arrival_muddy, layout_basic, serial_shops, nicolae_shop_crystal
D:2:      layout_rooms, serial_shops, nicolae_shop_trees
D:3:      layout_basic, grunt_temple_overflow_gold_and_silver,
          nicolae_ru_awakened_eye, serial_shops,
          nicolae_shop_bloodbath_and_beyond
D:4:      minmay_evil_eye, layout_basic, elyvilon_altar_1,
          worldfamousw_hep_ancestral_shrine, marbit_many_paths,
          kennysheep_decorative_pillar, grunt_tough_drop, uniq_ijyb,
          uniq_menkaure, uniq_blork_the_orc
D:5:      layout_basic, uniq_duvessa
D:6:      minmay_clustersquares, layout_basic,
          minmay_temple_entry_statues_fountains, uniq_edmund, uniq_sigmund
D:7:      cheibrodos_grave_circle, layout_rooms, lemuel_round_altar
D:8:      layout_rooms, mainiacjoe_overflow_alcove_4,
          lemuel_zombie_altar_kikubaaqudgha, general_overflow_altar,
          mainiacjoe_overflow_tiny_flanked, special_room [special_room_orc],
          gammafunk_ghost_arena
D:9:      layout_loops_corners, lemuel_round_altar,
          mainiacjoe_overflow_alcove_1, evilmike_minifort, uniq_harold,
          uniq_gastronok, uniq_joseph

Skill      XL: |  1  2  3  4  5  6  7  8  9 10 11 |
---------------+----------------------------------+-----
Polearms       | 3 4 5 6 7 8 10 13 14 | 14.0
Fighting       | 3 4 |  4.2
Armour         | 2 3 |  3.3
Dodging        | 4 |  4.3
Throwing       | |  1.7

Action                   |  1- 3 |  4- 6 |  7- 9 | 10-12 || total
-------------------------+-------+-------+-------+-------++-------
Melee: Trident           |    98 |    96 |   297 |   234 ||   725
       Bite              |    13 |    23 |    87 |    77 ||   200
       Punch             |       |     1 |     7 |     5 ||    13
Throw: Javelin           |     1 |       |       |       ||     1
  Use: Scroll            |     6 |     9 |     5 |     1 ||    21
       Potion            |       |     1 |     1 |     3 ||     5
 Stab: Sleeping          |     5 |     2 |     3 |     2 ||    12
       Distracted        |       |       |     2 |     4 ||     6
       Invisible         |       |       |       |     2 ||     2
Armor: Leather armour    |    28 |    29 |    94 |    52 ||   203
Dodge: Dodged            |    53 |    32 |   136 |    84 ||   305
Block: Other             |       |       |       |    17 ||    17

Table legend: (Time is in decaauts)
 A = Elapsed time spent in this place.
 B = Non-inter-level travel time spent in this place.
 C = Inter-level travel time spent in this place.
 D = Time resting spent in this place.
 E = Time spent auto-exploring this place.
 F = Levels seen in this place.
 G = Mean time per level.
                   A        B        C        D        E       F      G
               +--------+--------+--------+--------+--------+-----+--------+
         Total |   7302 |   6859 |    443 |    376 |   5090 |   9 |  811.3 |
       Dungeon |   7302 |   6859 |    443 |    376 |   5090 |   9 |  811.3 |
               +--------+--------+--------+--------+--------+-----+--------+

Top non-repeatable levels by time:
     D:1: 1196 daAuts
     D:4: 1117 daAuts
     D:5: 1099 daAuts
     D:3: 950 daAuts
     D:6: 774 daAuts
     D:7: 711 daAuts
     D:8: 693 daAuts
     D:2: 546 daAuts
     D:9: 213 daAuts

Table legend:
 A = Kills in this place as a percentage of kills in entire the game.
 B = Kills by you in this place as a percentage of kills by you in the entire game.
 C = Kills by friends in this place as a percentage of kills by friends in the entire game.
 D = Other kills in this place as a percentage of other kills in the entire game.
 E = Experience gained in this place as a percentage of experience gained in the entire game.
 F = Experience gained in this place divided by the number of levels of this place that you have seen.
                   A       B       C       D       E      F
               +-------+-------+-------+-------+-------+----------------------
         Total | 100.0 | 100.0 |   N/A | 100.0 | 100.0 | 1169.8
       Dungeon | 100.0 | 100.0 |   N/A | 100.0 | 100.0 | 1169.8
               +-------+-------+-------+-------+-------+----------------------
